 Dungeon Crawl Stone Soup version 0.27-a0-1302-g7736ffe575 (webtiles) character file.

Game seed: 11295971095235998613

28527 Feb132020 the Unseen (level 13, 44/80 HPs)
             Began as a Kobold Artificer on June 17, 2021.
             Was a Priest of Ashenzari.
             Quit the game on level 4 of the Lair of Beasts on June 18, 2021.
             The game lasted 01:20:19 (19713 turns).

Feb132020 the Unseen (Kobold Artificer)            Turns: 19713, Time: 01:20:20

Health: 44/80      AC: 23    Str: 11    XL:     13   Next: 74%
Magic:  13/13      EV: 13    Int: 12    God:    Ashenzari [***...]
Gold:   689        SH:  0    Dex: 25    Spells: 12/12 levels left

rFire    . . .     SeeInvis +   l - +2 dagger (freeze)
rCold    . . .     Faith    .   (shield restricted)
rNeg     . . .     Spirit   .   E - +0 shadow dragon scales "Per Aspera Ad Scientiam" {Stlth++++, Evo, Bglg} (curse)
rPois    .         Reflect  .   I - +2 hat {Will+}
rElec    .         Harm     .   (no cloak)
rCorr    .         Rampage  +   f - +2 pair of gloves "Ordeal of the Firmament" {Range, Melee} (curse)
Will     +....     Clarity  +   G - +2 pair of boots "Oracular Foul Odors" {rampage, Self, Cun} (curse)
Stlth    ++++++++++             (no amulet)
HPRegen  0.23/turn              t - ring "Mutualism of Ashenzari" {Dex+6, Evo, Cun} (curse)
MPRegen  0.13/turn              x - ring of Ashenzari's Urgency {Fly, Fort, Melee} (curse)

@: flying
A: small, no large weapons, nightstalker 3
a: Renounce Religion, Shatter the Chains


You were on level 4 of the Lair of Beasts.
You worshipped Ashenzari.
Ashenzari was most pleased with you.
You visited 3 branches of the dungeon, and saw 15 of its levels.

You collected 689 gold pieces.

Inventory:

Hand Weapons
 a - a +0 club
 i - a +0 short sword
 l - a +2 dagger of freezing (weapon)
Missiles
 h - 79 poisoned darts
 j - 307 stones
 m - 49 sling bullets
 y - a curare-tipped dart
 F - 22 silver boomerangs
Armour
 b - a +0 leather armour
 f - the cursed +2 pair of gloves "Ordeal of the Firmament" (worn) {Range, Melee}
   (You found it on level 1 of the Dungeon)

   It has a curse which improves the following skills: Ranged Combat: Slings,
   Bows, Crossbows and Throwing.
   Melee Combat: Short Blades, Long Blades, Axes, Maces & Flails, Polearms,
   Staves and Unarmed Combat.
 o - a +0 helmet
 D - a +0 pair of boots
 E - the cursed +0 shadow dragon scales "Per Aspera Ad Scientiam" (worn) {Stlth++++, Evo, Bglg}
   (You found it on level 8 of the Dungeon)

   It makes you much more stealthy.
   It has a curse which improves the following skills: Evocations: Evocations.
   Beguiling: Conjurations, Hexes and Translocations.
 G - the cursed +2 pair of boots "Oracular Foul Odors" (worn) {rampage, Self, Cun}
   (You found it on level 1 of the Lair of Beasts)

   It has a curse which improves the following skills: Introspection: Fighting
   and Spellcasting.
   Cunning:   Dodging and Stealth.
 I - a +2 hat of willpower (worn)
 J - the +4 ring mail "Feir" {Harm rCorr}
   (You found it on level 2 of the Lair of Beasts)

   It protects you from acid and corrosion.
   It increases damage dealt and taken.
Jewellery
 t - the cursed ring "Mutualism of Ashenzari" (left hand) {Dex+6, Evo, Cun}
   (You found it on level 5 of the Dungeon)

   [ring of dexterity]

   It affects your dexterity (+6).
   It has a curse which improves the following skills: Evocations: Evocations.
   Cunning:   Dodging and Stealth.
 x - the cursed ring of Ashenzari's Urgency (right hand) {Fly, Fort, Melee}
   (You found it on level 7 of the Dungeon)

   [ring of flight]

   It grants you flight.
   It has a curse which improves the following skills: Fortitude: Armour and
   Shields.
   Melee Combat: Short Blades, Long Blades, Axes, Maces & Flails, Polearms,
   Staves and Unarmed Combat.
Wands
 c - a wand of flame (12) (quivered)
 d - a wand of charming (6)
 p - a wand of iceblast (14)
 r - a wand of digging (2)
 u - a wand of mindburst (23)
 B - a wand of polymorph (11)
 K - a wand of paralysis (9)
Scrolls
 q - a scroll of fog
 s - 4 scrolls of teleportation
 z - a scroll of amnesia
Potions
 g - 4 potions of lignification
 k - a potion of haste
 n - a potion of curing
 v - 2 potions of heal wounds
 w - 3 potions of brilliance
 A - a potion of mutation
 C - 3 potions of resistance
 H - a potion of ambrosia
Miscellaneous
 e - a piece from Xom's chessboard (9/15)
 L - a box of beasts


   Skills:
 + Level 7.6(9.6) Fighting
 + Level 11.6(14.2) Short Blades
 + Level 1.0(2.6) Maces & Flails
 + Level 6.5(8.5) Throwing
 + Level 7.5(9.4) Armour
 + Level 8.5(11.3) Dodging
 + Level 17.7(20.0) Stealth
 + Level 7.8(10.7) Evocations


You had 12 spell levels left.
You didn't know any spells.
Your spell library contained the following spells:

 Spells                   Type           Power      Damage    Failure   Level
 Beastly Appendage        Tmut           0%         N/A       100%        1
 Foxfire                  Conj/Fire      0%         2x1d4     100%        1
 Summon Small Mammal      Summ           0%         N/A       100%        1
 Call Imp                 Summ           0%         N/A       100%        2
 Wereblood                Tmut           0%         N/A       100%        2
 Call Canine Familiar     Summ           0%         N/A       100%        3
 Conjure Flame            Conj/Fire      0%         6-21      100%        3
 Inner Flame              Hex/Fire       0%         N/A       100%        3
 Spider Form              Tmut/Pois      0%         N/A       100%        3
 Summon Guardian Golem    Hex/Summ       0%         N/A       100%        3
 Ice Form                 Ice/Tmut       0%         N/A       100%        4
 Sticky Flame             Conj/Fire      0%         2d3       100%        4
 Summon Ice Beast         Ice/Summ       0%         N/A       100%        4
 Summon Lightning Spire   Summ/Air       0%         N/A       100%        4
 Fireball                 Conj/Fire      0%         3d3       100%        5


Dungeon Overview and Level Annotations

Branches:
Dungeon (10/15)            Temple (1/1) D:4            Lair (4/6) D:9
  Swamp (0/4) Lair:2        Snake (0/4) Lair:2
    Orc: D:9-12

Altars:
Ashenzari
Cheibriados
Dithmenos
Elyvilon
Fedhas
Gozag
Hepliaklqana
Kikubaaqudgha
Makhleb
Nemelex Xobeh
Okawaru
Qazlal
Ru
Sif Muna
Trog
Uskayaw
Vehumet
Wu Jian
Xom
Yredelemnul
Zin
The Shining One

Annotations:
Lair:2 1 runed translucent door, Geargh's ghost, journeyman MiHu


Innate Abilities, Weirdness & Mutations

You are small and have problems with some larger weapons.
You are completely attuned to the shadows.


Message History

The helpless rime drake fails to defend itself.
You perforate the rime drake like a sieve!!!!!
You freeze the rime drake!
You kill the rime drake!
Found an escape hatch in the floor.
You sense a monster nearby.
A cane toad comes into view.
Found 17 gold pieces.
You rampage towards the cane toad!
The helpless cane toad fails to defend itself.
You spit the cane toad like a pig!!!!! You freeze the cane toad!
You kill the cane toad!
You now have 689 gold pieces (gained 17).
A bullfrog comes into view.
You rampage towards the bullfrog!
Found a +0 scale mail and a +0 robe.
You rampage towards the bullfrog!
The helpless bullfrog fails to defend itself.
You stick the bullfrog like a pincushion!!!!!
The bullfrog seems to slow down.
You freeze the bullfrog.
You kill the bullfrog!
You see here a +0 scale mail.
Found a +0 scale mail.
Found a +0 chain mail.
Found 16 bolts.
A hydra and a bullfrog come into view.
You rampage towards the bullfrog!
The helpless bullfrog fails to defend itself.
You skewer the bullfrog like a kebab!!!!!
You freeze the bullfrog!
You kill the bullfrog!
The seven-headed hydra roars!
The seven-headed hydra misses you. The seven-headed hydra bites you.
The seven-headed hydra bites you! The seven-headed hydra bites you.
The seven-headed hydra bites you! x2
The seven-headed hydra bites you but does no damage.
Okay, then.
Okay, then.
Okay, then.
Are you sure you want to abandon this character and quit the game? (Confirm with "yes".)

, , ,* .#** * ..##!
## ## ##.#.##..P* *
* *P##P##....(.... ,
, ,
,...D...........,,,,
...†@.......... , *,
..#....###....# *, *
*######...#### ****
##..# * * ** *#..#
** * , #..### #####
, ,* * ,
,##...####..#. ,
............... *
,** ,...............


You could see a seven-headed hydra.

Vanquished Creatures
  Gastronok (Lair:2)
  2 boulder beetles (Lair:1)
  A hydra (Lair:3)
  Urug (Lair:2)
  A two-headed ogre (D:9)
  Nergalle (Lair:2)
  A bog body (Lair:2)
  5 black mambas
  9 cane toads
  An unseen horror (D:9)
  3 rime drakes
  2 komodo dragons
  2 hornets
  16 blink frogs
  Sigmund (D:4)
  A shadow (D:4)
  6 wyverns
  27 yaks
  A basilisk (Lair:3)
  3 steam dragons
  Menkaure (D:6)
  20 water moccasins
  Duvessa (D:7)
  3 ice beasts
  An orc warrior (D:9)
  4 sky beasts
  4 necrophages
  2 ogres
  A tengu (D:9)
  2 phantoms (D:5)
  4 centaurs
  9 kobold brigands
  A gnoll sergeant (D:7)
  A wyvern zombie (D:7)
  13 bullfrogs
  A scorpion (D:6)
  3 water moccasin zombies
  5 killer bees
  2 howler monkeys
  3 centaur zombies
  2 bullfrog skeletons
  A bullfrog zombie (D:6)
  3 jellies (D:5)
  2 gnoll shamans
  2 orc priests
  3 hounds
  Jessica (D:2)
  4 iguanas
  4 orc wizards
  A scorpion zombie (D:5)
  2 killer bee zombies
  A hound zombie (D:5)
  A howler monkey zombie (D:7)
  16 gnolls
  9 adders
  2 shadow imps
  4 white imps
  2 ufetubi
  2 dart slugs
  10 orcs
  3 ball pythons
  3 giant cockroaches
  8 goblins
  8 hobgoblins
  A quokka (D:5)
  A frilled lizard (D:3)
  16 kobolds
  5 rats
283 creatures vanquished.

Vanquished Creatures (collateral kills)
  A hydra (Lair:3)
  A water moccasin zombie (D:6)
  A killer bee (D:5)
  A wight (D:6)
  A gnoll shaman (D:7)
  2 gnolls (D:7)
  An adder (D:7)
  2 orcs (D:10)
10 creatures vanquished.

Vanquished Creatures (others)
  A gnoll (D:7)
  24 fungi
  22 plants
47 creatures vanquished.

Grand Total: 340 creatures vanquished

Notes
Turn   | Place    | Note
-------+----------+-------------------------------------------
     0 | D:1      | Feb132020 the Kobold Artificer began the quest for the Orb.
     0 | D:1      | Reached XP level 1. HP: 12/12 MP: 1/1
   237 | D:1      | Reached XP level 2. HP: 15/16 MP: 2/2
   790 | D:1      | Reached XP level 3. HP: 20/20 MP: 3/3
  1255 | D:2      | Noticed Jessica
  1256 | D:2      | Found a faded altar of an unknown god.
  1264 | D:2      | Killed Jessica
  1265 | D:2      | Reached skill level 1 in Armour
  1265 | D:2      | Reached skill level 2 in Stealth
  1265 | D:2      | Reached XP level 4. HP: 14/25 MP: 4/4
  1699 | D:3      | Reached skill level 1 in Short Blades
  1758 | D:3      | Reached skill level 1 in Maces & Flails
  2009 | D:3      | Found a sacrificial altar of Ru.
  2032 | D:3      | Reached XP level 5. HP: 29/29 MP: 5/5
  2310 | D:3      | Reached skill level 3 in Stealth
  2542 | D:4      | You fall into a shaft and drop 3 floors!
  2547 | D:7      | Noticed a water moccasin
  2560 | D:7      | Killed a water moccasin
  2561 | D:7      | Reached skill level 4 in Stealth
  2561 | D:7      | Reached XP level 6. HP: 22/35 MP: 6/6
  2714 | D:7      | Reached skill level 5 in Stealth
  2752 | D:7      | Reached XP level 7. HP: 22/39 MP: 7/7
  2755 | D:7      | Noticed a hornet
  3040 | D:6      | Reached skill level 5 in Evocations
  3138 | D:5      | Entered Level 5 of the Dungeon
  3157 | D:6      | Reached skill level 6 in Stealth
  3475 | D:4      | Noticed Sigmund
  3479 | D:4      | Killed Sigmund
  3480 | D:4      | Reached XP level 8. HP: 44/44 MP: 8/8
  3489 | D:4      | Found a staircase to the Ecumenical Temple.
  3495 | Temple   | Entered the Ecumenical Temple
  3570 | Temple   | Became a worshipper of Ashenzari the Shackled
  4156 | D:4      | Reached skill level 5 in Short Blades
  4327 | D:5      | Reached skill level 7 in Stealth
  4364 | D:5      | Reached skill level 5 in Dodging
  4472 | D:5      | Noticed a shadow
  4496 | D:4      | Killed a shadow
  4497 | D:4      | Reached skill level 8 in Stealth
  4702 | D:5      | Reached XP level 9. HP: 49/49 MP: 9/9
  5263 | D:5      | Reached skill level 9 in Stealth
  6660 | D:6      | Reached skill level 1 in Throwing
  6890 | D:6      | Reached * piety under Ashenzari
  6922 | D:6      | Reached skill level 10 in Stealth
  7014 | D:6      | Noticed Menkaure
  7018 | D:6      | Killed Menkaure
  7095 | D:6      | Reached XP level 10. HP: 51/56 MP: 10/10
  8330 | D:7      | Reached skill level 11 in Stealth
  8887 | D:7      | You are sucked into a shaft and drop 3 floors!
  8887 | D:10     | Entered Level 10 of the Dungeon
  9120 | D:10     | Reached skill level 5 in Fighting
  9453 | D:9      | Noticed a two-headed ogre
  9456 | D:9      | Killed a two-headed ogre
  9542 | D:9      | Found a staircase to the Lair.
  9868 | D:8      | Reached XP level 11. HP: 63/63 MP: 11/11
 10012 | D:8      | Reached ** piety under Ashenzari
 10376 | D:7      | Noticed Duvessa
 10377 | D:7      | Noticed Dowan
 10379 | D:7      | Killed Duvessa
 10385 | D:7      | Noticed Dowan
 10385 | D:7      | Dowan changed into Dowan the howler monkey
 10387 | D:7      | Killed Dowan the howler monkey
 10388 | D:7      | Reached skill level 5 in Throwing
 10388 | D:7      | Reached skill level 12 in Stealth
 12923 | Lair:1   | Entered Level 1 of the Lair of Beasts
 13178 | Lair:1   | Reached skill level 13 in Stealth
 13458 | Lair:1   | Reached skill level 5 in Armour
 14226 | Lair:1   | Found a transporter.
 14227 | Lair:1   | Found a transporter.
 14228 | Lair:1   | Noticed a boulder beetle
 14228 | Lair:1   | Noticed a boulder beetle
 14235 | Lair:1   | Killed a boulder beetle
 14236 | Lair:1   | Reached skill level 10 in Short Blades
 14242 | Lair:1   | Killed a boulder beetle
 14243 | Lair:1   | Reached skill level 14 in Stealth
 14243 | Lair:1   | Reached XP level 12. HP: 70/70 MP: 12/12
 14447 | Lair:2   | Identified the +4 ring mail "Feir" {Harm rCorr}
 14447 | Lair:2   | Noticed Gastronok
 14451 | Lair:2   | Killed Gastronok
 14539 | Lair:2   | Found a staircase to the Snake Pit.
 14542 | Lair:2   | Reached skill level 15 in Stealth
 14809 | Lair:2   | Noticed Urug
 14811 | Lair:2   | Killed Urug
 15199 | Lair:2   | Found a runed translucent door.
 15199 | Lair:2   | Found a shimmering altar of Xom.
 15199 | Lair:2   | Noticed Geargh's ghost (journeyman MiHu)
 15700 | Lair:2   | Found a staircase to the Swamp.
 16151 | Lair:2   | Noticed Nergalle
 16155 | Lair:2   | Killed Nergalle
 16156 | Lair:2   | Reached skill level 16 in Stealth
 16156 | Lair:2   | Reached XP level 13. HP: 76/76 MP: 13/13
 16320 | Lair:2   | Upgraded the game from 0.27-a0-1301-g128193abf8 to
                  | 0.27-a0-1302-g7736ffe575
 16827 | Lair:3   | Noticed a six-headed hydra
 16836 | Lair:3   | Killed a six-headed hydra
 16850 | Lair:3   | Noticed a five-headed hydra
 16852 | Lair:3   | Killed a five-headed hydra
 17066 | Lair:3   | Reached skill level 17 in Stealth
 17422 | Lair:3   | Found a glowing golden altar of the Shining One.
 17934 | Lair:3   | Identified the +1 plate armour "Ruiful" {rC+}
 18384 | Lair:3   | Reached *** piety under Ashenzari
 19709 | Lair:4   | Noticed a seven-headed hydra
 19713 | Lair:4   | Quit the game

Illustrated notes

Levels and vault maps discovered:
D:1:      mainiacjoe_arrival_reflecting_pool, layout_basic
D:2:      layout_basic, basic_ecumenical_altar, uniq_jessica
D:3:      layout_rooms, nicolae_ru_awakened_eye
D:4:      layout_cave_pods, minmay_temple_entry_statues_fountains, uniq_sigmund
D:5:      minmay_angry_zag, layout_basic, serial_aquarium,
          aquarium_bridge_long_separate [aquarium_subvault_bridge,
          aquarium_subvault_window, aquarium_subvault_bridge,
          aquarium_subvault_balcony, aquarium_subvault_bridge,
          aquarium_subvault_bridge], aquarium_bridge_straight
          [aquarium_subvault_bridge, aquarium_subvault_window,
          aquarium_subvault_bridge, aquarium_subvault_wall], aquarium_window_3,
          aquarium_window_corner, aquarium_window_1, aquarium_window_fake,
          aquarium_view_2b, aquarium_pool_corner, kennysheep_generic_room_15
D:6:      layout_gridville, chequers_serial_rivers_room_b, uniq_menkaure
D:7:      minmay_bubble_buster, layout_gridville, uniq_duvessa
D:8:      layout_loops_ring
D:9:      layout_long_grid, lair_entry_dummy, chequers_serial_rivers_small_a,
          minmay_unpleasant_kobolds
D:10:     layout_big_octagon
Temple:   nicolae_temple_the_god_donut
Lair:1:   gammafunk_boulding_lane, layout_gridlike, grunt_megastairs_5
Lair:2:   layout_chaotic_city, skrybe_swamp_entry_bodies,
          minmay_snake_entry_six_corridors, ebering_ghost_xom,
          beast_lair_carwin_11, uniq_gastronok, uniq_urug, uniq_nergalle
Lair:3:   layout_roguey, basic_altar
Lair:4:   layout_long_grid

Skill      XL: |  1  2  3  4  5  6  7  8  9 10 11 12 13 |
---------------+----------------------------------------+-----
Evocations     | 4 5 6 7 |  7.8
Armour         | 1 2 3 5 6 7 |  7.5
Stealth        | 2 4 5 6 8 10 11 14 16 17 | 17.7
Short Blades   | 1 3 4 5 7 8 10 11 | 11.6
Maces & Flails | 1 |  1.0
Dodging        | 3 4 5 6 7 8 |  8.5
Fighting       | 2 4 5 6 7 |  7.6
Throwing       | 2 4 5 6 |  6.5

Action                   |  1- 3 |  4- 6 |  7- 9 | 10-12 | 13-15 || total
-------------------------+-------+-------+-------+-------+-------++-------
Melee: Club              |    50 |       |       |       |       ||    50
       Short sword       |    15 |       |       |       |       ||    15
       Dagger            |    22 |    71 |   256 |   901 |   416 ||  1666
       Punch             |       |       |       |     4 |       ||     4
Throw: Stone             |       |       |     1 |     1 |       ||     2
       Dart              |       |       |       |    18 |    16 ||    34
       Boomerang         |       |       |       |     4 |     1 ||     5
Invok: Curse Item        |       |       |     2 |     2 |     1 ||     5
Evoke: Wand              |       |     7 |    13 |    18 |     8 ||    46
       Piece from Xom's  |       |     4 |     9 |     3 |     9 ||    25
       Box of beasts     |       |       |       |       |     1 ||     1
  Use: Scroll            |       |     6 |     3 |     3 |       ||    12
       Potion            |       |     2 |     3 |     4 |       ||     9
 Stab: Sleeping          |     8 |    14 |    26 |    58 |    26 ||   132
       Petrified         |       |     1 |       |       |       ||     1
       Distracted        |       |       |     1 |     4 |       ||     5
       Paralysed         |       |       |     1 |       |       ||     1
Armor: Leather armour    |    20 |    22 |    27 |    38 |       ||   107
       Skin              |       |       |    35 |       |       ||    35
       Shadow dragon sca |       |       |       |   194 |    93 ||   287
Dodge: Dodged            |    67 |    43 |   117 |   397 |    98 ||   722

Table legend: (Time is in decaauts)
 A = Elapsed time spent in this place.
 B = Non-inter-level travel time spent in this place.
 C = Inter-level travel time spent in this place.
 D = Time resting spent in this place.
 E = Time spent auto-exploring this place.
 F = Levels seen in this place.
 G = Mean time per level.
                   A        B        C        D        E       F      G
               +--------+--------+--------+--------+--------+-----+--------+
         Total |  19007 |  18443 |    564 |   1292 |  14157 |  15 | 1267.1 |
       Dungeon |  12304 |  11879 |    425 |    735 |   9236 |  10 | 1230.4 |
        Temple |    314 |    285 |     29 |      0 |    280 |   1 |  314.0 |
          Lair |   6388 |   6279 |    109 |    557 |   4641 |   4 | 1597.0 |
               +--------+--------+--------+--------+--------+-----+--------+

Top non-repeatable levels by time:
     D:7: 2503 daAuts
  Lair:2: 2457 daAuts
  Lair:3: 2358 daAuts
     D:5: 2203 daAuts
     D:9: 1896 daAuts
     D:6: 1433 daAuts
  Lair:1: 1427 daAuts
     D:1: 945 daAuts
     D:3: 797 daAuts
     D:8: 782 daAuts
     D:2: 751 daAuts
     D:4: 747 daAuts
  Temple: 314 daAuts
    D:10: 243 daAuts
  Lair:4: 143 daAuts
